 Dungeon Crawl Stone Soup version 0.20-a0-837-g0f21a4d (webtiles) character file.

95 M4edhros the Magician (level 4, -1/27 HPs)
             Began as an Octopode Wizard on Mar 8, 2017.
             Killed from afar by M4edhros's ghost (6 damage)
             ... with a magic dart
             ... on level 3 of the Dungeon.
             The game lasted 00:02:03 (1420 turns).

M4edhros the Magician (Octopode Wizard)             Turns: 1420, Time: 00:02:04

Health: -1/27      AC:  1    Str:  6    XL:     4   Next: 65%
Magic:  9/10       EV: 19    Int: 20    God:
Gold:   54         SH:  0    Dex: 16    Spells: 10/11 levels left

rFire    + + .     SeeInvis .   (no weapon)
rCold    . . .     Gourm    .   (no shield)
rNeg     . . .     Faith    .   a - +0 hat
rPois    +         Spirit   .   (no amulet)
rElec    +         Reflect  .   e - ring of fire
rCorr    +         Harm     .   (no ring)
MR       .....                  (no ring)
Stlth    +++.......             (no ring)
Regen    0.1/turn               (no ring)
MPRegen  0.2/turn               (no ring)
                                (no ring)
                                (no ring)

@: confused, agile, resistant
A: almost no armour, stealthy swim, amphibious, 8 rings, constrict 8, camouflage
1, gelatinous body 1
a: no special abilities


You were on level 3 of the Dungeon.
You were not hungry.

You visited 1 branch of the dungeon, and saw 3 of its levels.

You collected 54 gold pieces.

Inventory:

Missiles
 k - 17 stones (quivered)
Armour
 a - a +0 hat (worn)
Jewellery
 e - a ring of fire (left tentacle)
Wands
 l - a wand of scattershot (3/9)
Scrolls
 d - a scroll of recharging {unknown}
 h - a scroll of magic mapping {unknown}
Potions
 n - a potion of flight {unknown}
Books
 b - a book of Minor Magic

   Spells                             Type                      Level
   a - Magic Dart                     Conjuration                  1
   b - Blink                          Translocation                2
   c - Call Imp                       Summoning                    2
   d - Slow                           Hexes                        2
   e - Conjure Flame                  Conjuration/Fire             3
   f - Mephitic Cloud                 Conjuration/Poison/Air       3
Comestibles
 c - 3 bread rations
 g - a meat ration
 i - a chunk of flesh


   Skills:
 - Level 2.0 Dodging
 - Level 2.6 Stealth
 + Level 4.1 Spellcasting
 + Level 3.0 Conjurations
   Level 1.0 Summonings
   Level 1.0 Translocations


You had 10 spell levels left.
You knew the following spells:

 Your Spells              Type           Power        Failure   Level  Hunger
a - Magic Dart            Conj           ###.         3%          1    None


Dungeon Overview and Level Annotations

Branches:
Dungeon (3/15)

Altars:
Vehumet

Annotations:
D:3 M4edhros's ghost, amateur OpWz


Innate Abilities, Weirdness & Mutations

You cannot wear most types of armour.
You are very stealthy in the water. (Stealth+)
You are amphibious.
You can wear up to eight rings at the same time.
You can use your tentacles to constrict eight enemies at once.
Your skin changes colour to match your surroundings (Stealth+).
Your rubbery body absorbs attacks. (AC +1, EV +1)


Message History

The ball explodes into a vile cloud!
The stinking cloud engulfs you!
The stinking cloud engulfs M4edhros's ghost.
M4edhros's ghost appears unharmed.
You are engulfed in noxious fumes.
* * * LOW HITPOINT WARNING * * *
M4edhros's ghost casts a spell at you.
The ball explodes into a vile cloud!
The stinking cloud engulfs you!
You are engulfed in noxious fumes.
You choke on the stench!
You are more confused.
* * * LOW HITPOINT WARNING * * *
M4edhros's ghost stares at you and mumbles some strange words.
The ball explodes into a vile cloud!
The stinking cloud engulfs you!
The stinking cloud engulfs M4edhros's ghost.
M4edhros's ghost appears unharmed.
It was a potion of resistance.
You feel protected. M4edhros's ghost barely misses you.
M4edhros's ghost casts a spell at you. The magic dart hits you!
You die...

##.# #.##..........
)..# ##.######### #.##
#.# #.#### ##.# ###
#....###.##.###.##
#................##
.#....#######.....##
.##.#.# #........# .
#.#.# #)#.§§@§## #
#.#.#
...##§.§#########
#<#.# ###
##W.§........ #.#.#
#.########## #.#.#
#.#..
#.#....##<###.#.######
... ......§..#.......
### ..##.........#
......####)..#


You could see M4edhros's ghost.

Vanquished Creatures
  A bullfrog skeleton (D:3)
  An orc wizard (D:3)
  An adder (D:3)
  A dart slug (D:1)
  A leopard gecko (D:3)
  2 orcs (D:3)
  A ball python (D:3)
  4 bats
  A giant cockroach (D:2)
  2 goblins (D:2)
  3 hobgoblins
  2 jackals (D:1)
  A quokka (D:3)
  A frilled lizard (D:2)
  4 kobolds
  2 rats
28 creatures vanquished.

Notes
Turn   | Place    | Note
-------+----------+-------------------------------------------
     0 | D:1      | M4edhros the Octopode Wizard began the quest for the Orb.
     0 | D:1      | Reached XP level 1. HP: 11/11 MP: 4/4
   261 | D:1      | Reached XP level 2. HP: 17/17 MP: 0/6
  1001 | D:3      | Reached XP level 3. HP: 21/21 MP: 4/8
  1011 | D:3      | Reached skill level 4 in Spellcasting
  1011 | D:3      | Reached XP level 4. HP: 27/27 MP: 1/10
  1099 | D:3      | Found a radiant altar of Vehumet.
  1398 | D:3      | Noticed M4edhros's ghost (amateur OpWz)
  1420 | D:3      | Killed from afar by M4edhros's ghost

Vault maps used:
D:1:      saegor_arrival_miasma
D:2:      first_bread, bloody_makhleb
D:3:      vehumet_crystals, st_stairs_7, minmay_misc_feat_four_crosses,
          uniq_sigmund

Skill      XL: |  1  2  3  4 |
---------------+-------------+-----
Conjurations   | 2 3 |  3.0
Spellcasting   | 4 |  4.1
Dodging        | |  2.0
Stealth        | |  2.6
Summonings     | |  1.0
Translocations | |  1.0

Action                   |  1- 3 |  4- 6 || total
-------------------------+-------+-------++-------
Melee: Unarmed           |    25 |     1 ||    26
       Constrict         |     3 |       ||     3
 Cast: Magic Dart        |    45 |    27 ||    72
  Use: Potion            |     1 |     3 ||     4
  Eat: Chunk             |       |     1 ||     1
Armor: Skin              |    18 |     7 ||    25
Dodge: Dodged            |    14 |     9 ||    23
